 Dungeon Crawl Stone Soup version 0.30-a0-1053-gbd8d5ba0ad (webtiles) character file.

Game seed: 14752011856249204613

1369 Zeldest the Insei (level 8, -1/49 HPs)
             Began as a Tengu Warper on Apr 12, 2023.
             Was a Priest of Zin.
             Shot with a bolt by an orc warrior (6 damage)
             ... on level 7 of the Dungeon.
             The game lasted 00:07:58 (5108 turns).

Zeldest the Insei (Tengu Warper)                    Turns: 5108, Time: 00:07:58

Health: -1/49      AC:  3    Str: 11    XL:     8   Next: 65%
Magic:  12/12      EV: 14    Int: 15    God:    Zin [***...]
Gold:   192        SH:  0    Dex: 15    Spells: 11/11 levels left

rFire   . . .      SeeInvis .      - Unarmed
rCold   . . .      Faith    .    (no shield)
rNeg    . . .      Spirit   .    a - +0 leather armour
rPois   .          Reflect  .    (helmet restricted)
rElec   .          Rampage  .    (no cloak)
rCorr   .                        (no gloves)
Will    .....                    (boots unavailable)
Stlth   +                        (no amulet)
HPRegen 0.28/turn                (no ring)
MPRegen 0.13/turn                (no ring)

@: flying quickly and evasively, quick
A: beak, talons 3, nimble flight
a: Renounce Religion, Recite, Vitalisation, Imprison, Donate Gold


You were on level 7 of the Dungeon.
You worshipped Zin.
Zin was most pleased with you.
You visited 1 branch of the dungeon, and saw 7 of its levels.

You collected 213 gold pieces.
You donated 21 gold pieces to Zin.

Inventory:

Missiles
 c - 3 boomerangs of dispersal (quivered)
 r - a throwing net
Armour
 a - a +0 leather armour (worn)
Wands
 q - a wand of iceblast (4)
Scrolls
 b - a scroll of blinking
 f - a scroll of immolation {unknown}
 i - 2 scrolls of amnesia
 k - a scroll of poison
 l - a scroll of brand weapon
 m - 2 scrolls of teleportation
 n - a scroll of enchant armour
 o - a scroll of vulnerability {unknown}
 s - a scroll of noise {unknown}
 t - a scroll of magic mapping {unknown}
Potions
 d - a potion of mutation
 e - a potion of attraction
 g - a potion of brilliance
 h - 2 potions of might
 p - a potion of degeneration {unknown}
 u - a potion of berserk rage {unknown}


   Skills:
 + Level 5.3 Fighting
 - Level 1.0 Throwing
 - Level 1.1 Armour
 - Level 2.1 Dodging
 + Level 6.2 Unarmed Combat
 - Level 2.0 Spellcasting
 + Level 5.1 Translocations
 + Level 4.2 Invocations


You had 11 spell levels left.
You didn't know any spells.
Your spell library contained the following spells:

 Spells                   Type           Power      Damage    Failure   Level
 Blink                    Tloc           32%        N/A       5%          2
 Lesser Beckoning         Tloc           32%        N/A       5%          2
 Teleport Other           Tloc           16%        N/A       11%         3
 Vhi's Electric Charge    Tloc/Air       18%        N/A       30%         3
 Manifold Assault         Tloc           16%        N/A       34%         4
 Olgreb's Toxic Radiance  Pois           1%         N/A       96%         4
 Discord                  Hex            0%         N/A       100%        8
 Ignition                 Fire           0%         3d3       100%        8


Dungeon Overview and Level Annotations

Branches:
Dungeon (7/15) Zot: 26696
 Temple: D:4-7

Altars:
Zin
The Shining One

Annotations:
D:6 Sigmund


Innate Abilities, Weirdness & Mutations

You have a beak for a mouth.
You have claws for feet.
Your magical nature lets you fly swiftly and evasively.


Message History

The orc warrior shoots a bolt.
The bolt misses you.
There is an open door here.
You reach down and close the door.
There is a stone staircase leading up here.
You fly upwards.
Level annotation: Sigmund
There is a stone staircase leading down here.
An orc is nearby!
An orc is nearby!
An orc wizard comes into view. It is wielding a +0 dagger.
The orc priest shouts!
The orc shouts!
You hear a shout! x2
The orc priest mumbles some strange prayers to Beogh against you.
Beogh smites you!
The orc wizard shouts!
You hear a shout!
You hear an angry hiss.
An iguana comes into view.
The iguana hisses angrily.
There is a stone staircase leading down here.
The iguana hisses menacingly.
The iguana bites you.
You fly downwards.
The orc warrior shoots a bolt.
The bolt barely misses you.
There is a stone staircase leading up here.
You hit the iguana but do no damage. You claw the iguana.
Your peck misses the iguana.
The iguana is moderately wounded.
The iguana bites you.
The orc warrior shoots a bolt.
The bolt hits you!
You hit the iguana but do no damage. You peck the iguana, but do no damage.
The iguana is moderately wounded.
The iguana bites you!
* * * LOW HITPOINT WARNING * * *
The orc warrior shoots a bolt.
The bolt hits you!! Zin protects you from harm!
You barely miss the iguana. You peck the iguana, but do no damage.
The iguana is moderately wounded.
The iguana bites you.
* * * LOW HITPOINT WARNING * * *
The orc warrior shoots a bolt.
The bolt closely misses you.
Okay, then.
The orc warrior shoots a bolt.
The bolt hits you.
You die...

..#.....# #....######### .
#.....# #....#########
......# #....+...#...#
###....# #....###.#.#.#
##+###.#...#.# #.#.
#....o....# ....
.#.#####.#...#<#####
.#.....#.#.......#.......#
...............@.l..###.#
#.# ... ..............#.###
##.###.######..........#...#
....##....#........#...###.#
........#.#...#..###...###.#
...#......#..............#.#
...#......#......#######.#.#
...#..#..........# #...#
...####....#.....# #####


You could see an orc warrior and an iguana.

Vanquished Creatures
  Eustachio (D:6)
  An ice beast (D:5)
  A sky beast (D:6)
  An ogre (D:5)
  A centaur (D:6)
  A phantom (D:5)
  2 bullfrogs (D:6)
  3 scorpions
  3 howler monkeys
  2 hounds
  A jelly (D:7)
  5 iguanas
  Ijyb (D:4)
  5 adders
  A gnoll (D:1)
  3 white imps
  A worm (D:2)
  2 dart slugs (D:1)
  An orc (D:6)
  3 ball pythons
  2 endoplasms
  4 giant cockroaches
  5 goblins
  8 hobgoblins
  3 quokkas
  5 bats
  2 frilled lizards (D:1)
  4 kobolds
  6 rats
78 creatures vanquished.

Vanquished Creatures (others)
  An angel (D:7)
1 creature vanquished.

Grand Total: 79 creatures vanquished

Notes
Turn   | Place    | Note
-------+----------+-------------------------------------------
     0 | D:1      | Zeldest the Tengu Warper began the quest for the Orb.
     0 | D:1      | Reached XP level 1. HP: 12/12 MP: 4/4
    78 | D:1      | Reached XP level 2. HP: 17/17 MP: 6/6
   392 | D:1      | Reached skill level 3 in Unarmed Combat
   401 | D:1      | Reached XP level 3. HP: 18/21 MP: 7/7
   481 | D:1      | Found a faded altar of an unknown god.
   510 | D:1      | Prayed at the altar of an unknown god.
   510 | D:1      | Became a worshipper of Zin the Law-Giver
   510 | D:1      | Reached * piety under Zin
   866 | D:2      | Reached ** piety under Zin
  1157 | D:3      | Reached XP level 4. HP: 20/27 MP: 8/8
  1246 | D:3      | Found a glowing golden altar of the Shining One.
  1796 | D:4      | Noticed a scorpion
  1808 | D:4      | Killed a scorpion
  1809 | D:4      | Reached skill level 1 in Invocations
  1809 | D:4      | Gained mutation: Your magical nature lets you fly swiftly
                  | and evasively. [Tengu growth]
  1809 | D:4      | Reached XP level 5. HP: 11/31 MP: 9/9
  1958 | D:4      | Noticed Ijyb
  1976 | D:4      | Zin protects you from harm!
  1981 | D:4      | Killed Ijyb
  2125 | D:4      | Reached skill level 4 in Unarmed Combat
  2266 | D:4      | Reached XP level 6. HP: 35/37 MP: 10/10
  2671 | D:5      | Entered Level 5 of the Dungeon
  3068 | D:5      | Noticed an ice beast
  3074 | D:5      | Reached XP level 7. HP: 42/42 MP: 11/11
  3220 | D:5      | Reached skill level 5 in Unarmed Combat
  3271 | D:5      | Reached *** piety under Zin
  3577 | D:5      | HP: 1/43 [iguana (11)]
  4004 | D:6      | Noticed Sigmund
  4011 | D:6      | Reached XP level 8. HP: 4/48 MP: 12/12
  4011 | D:6      | Noticed Eustachio
  4205 | D:6      | Killed Eustachio
  4390 | D:6      | Reached skill level 5 in Fighting
  4526 | D:6      | Reached skill level 6 in Unarmed Combat
  4526 | D:6      | Reached skill level 5 in Translocations
  4930 | D:7      | Killed an angel
  5103 | D:7      | Zin protects you from harm!
  5108 | D:7      | Shot with a bolt by an orc warrior

Illustrated notes

Levels and vault maps discovered:
D:1:      sevenhm_arrival_forest_fort_small_4, layout_rooms,
          shapermc_ecumenical_altar_gd, due_unseen_surprise
D:2:      cheibrodos_pilgrimage, layout_basic, serial_shops, shop,
          minmay_misc_feat_more_columns, minmay_pentomino_z2
D:3:      layout_basic, old_standard_altar, chequers_big_river,
          grunt_decor_junction, st_stairs_14
D:4:      layout_loops_ring, uniq_ijyb
D:5:      layout_gridville
D:6:      layout_basic, uniq_eustachio, uniq_sigmund
D:7:      layout_basic, grunt_temple_overflow_order_and_chaos_1,
          mainiacjoe_overflow_paths, minmay_temple_entry_poolview

Skill      XL: |  1  2  3  4  5  6  7  8 |
---------------+-------------------------+-----
Unarmed Combat | 3 4 5 6 |  6.2
Translocations | 3 4 5 |  5.1
Invocations    | 1 2 3 4 |  4.2
Fighting       | 3 4 5 |  5.3
Throwing       | |  1.0
Armour         | |  1.1
Dodging        | |  2.1
Spellcasting   | |  2.0

Action                     |  1- 3 |  4- 6 |  7- 9 || total
---------------------------+-------+-------+-------++-------
  Melee: Unarmed           |    95 |    87 |    97 ||   279
         Kick              |    18 |    31 |    29 ||    78
         Peck              |    15 |    12 |    26 ||    53
         Punch             |       |     1 |     3 ||     4
  Throw: Boomerang         |     4 |       |       ||     4
  Evoke: Wand              |       |     2 |     5 ||     7
    Use: Potion            |     1 |     4 |     2 ||     7
         Scroll            |       |    10 |     2 ||    12
   Stab: Sleeping          |     1 |       |       ||     1
         Invisible         |       |     3 |     2 ||     5
 Armour: Leather armour    |    28 |    16 |     9 ||    53
  Dodge: Dodged            |    70 |    45 |    74 ||   189

Table legend: (Time is in decaauts)
 A = Elapsed time spent in this place.
 B = Non-inter-level travel time spent in this place.
 C = Inter-level travel time spent in this place.
 D = Time resting spent in this place.
 E = Time spent auto-exploring this place.
 F = Levels seen in this place.
 G = Mean time per level.
                   A        B        C        D        E       F      G
               +--------+--------+--------+--------+--------+-----+--------+
         Total |   4927 |   4837 |     90 |   1749 |   2175 |   7 |  703.9 |
       Dungeon |   4927 |   4837 |     90 |   1749 |   2175 |   7 |  703.9 |
               +--------+--------+--------+--------+--------+-----+--------+

Top non-repeatable levels by time:
     D:5: 1508 daAuts
     D:4: 877 daAuts
     D:3: 838 daAuts
     D:1: 775 daAuts
     D:6: 478 daAuts
     D:7: 265 daAuts
     D:2: 184 daAuts
